General information
- name: BNet
- type: Ladder 1vs1/FFA
- host: Battle.net
- saver: Miles
map: Amazonia
- players: 2
- length: 17:21
- speed: Fast
- version: 1.30 W3XP
- replay type: Public
» download(123 KB)
Players
team 1 (loser)
AthenaMythCloth (
green | 164 APM | 2848 actions | 17:20)
4 Keeper of the Grove
2 Force of Nature
2 Entangling Roots
3 Goblin Alchemist
2 Acid Bomb
1 Chemical Rage
» actions
| Assign group hotkey | 52 | |
| Basic commands | 382 | |
| Build / train | 74 | |
| ESC pressed | 7 | |
| Enter build submenu | 16 | |
| Enter hero's abilities submenu | 9 | |
| Give item / drop item | 7 | |
| Right click | 772 | |
| Select / deselect | 513 | |
| Select group hotkey | 868 | |
| Use ability | 147 | |
2848 total
» units
| Wisp | 17 | |
| Archer | 6 | |
| Dryad | 2 | |
| Mountain Giant | 1 | |
| Druid of the Claw | 7 | |
| Hippogryph | 1 | |
| Goblin Shredder | 1 | |
| Faerie Dragon | 1 | |
36 total
» upgrades
| Ultravision | 1 | |
| Abolish Magic | 2 | |
| Druid of the Claw Training | 2 | |
| Mark of the Claw | 1 | |
6 total
» buildings
| Altar of Elders | 1 | |
| Moon Well | 7 | |
| Ancient of War | 1 | |
| Tree of Ages | 2 | |
| Hunter's Hall | 2 | |
| Ancient of Wonders | 1 | |
| Tree of Eternity | 2 | |
| Ancient of Lore | 2 | |
| Ancient of Wind | 1 | |
19 total
» build order
00:05 Altar of Elders
00:11 Moon Well
00:21 Ancient of War
01:37 Moon Well
02:47 Tree of Ages
02:47 Tree of Ages
03:11 Moon Well
04:11 Hunter's Hall
04:11 Ancient of Wonders
05:18 Hunter's Hall
06:34 Tree of Eternity
06:34 Tree of Eternity
06:42 Ancient of Lore
06:52 Ancient of Lore
10:12 Moon Well
10:44 Moon Well
11:27 Ancient of Wind
13:40 Moon Well
14:32 Moon Well
» items
| Staff of Preservation | 2 | |
| Potion of Healing | 3 | |
| Lesser Clarity Potion | 3 | |
| Potion of Mana | 2 | |
| Anti-magic Potion | 1 | |
| Potion of Lesser Invulnerability | 1 | |
| Scroll of Healing | 1 | |
| Scroll of Town Portal | 1 | |
14 total
team 2 (winner)
Miles (
teal | 159 APM | 2764 actions | 17:21)
4 Death Knight
2 Death Coil
2 Unholy Aura
4 Lich
2 Frost Nova
2 Frost Armor
3 Naga Sea Witch
2 Frost Arrows
1 Forked Lightning
» actions
| Assign group hotkey | 39 | |
| Basic commands | 267 | |
| Build / train | 57 | |
| ESC pressed | 2 | |
| Enter build submenu | 11 | |
| Enter hero's abilities submenu | 12 | |
| Give item / drop item | 3 | |
| Right click | 942 | |
| Select / deselect | 524 | |
| Select group hotkey | 809 | |
| Use ability | 97 | |
2764 total
» units
| Acolyte | 2 | |
| Ghoul | 4 | |
| Crypt Fiend | 9 | |
| Obsidian Statue | 3 | |
| Abomination | 4 | |
22 total
» upgrades
| Creature Carapace | 1 | |
| Disease Cloud | 1 | |
| Unholy Armor | 2 | |
| Web | 2 | |
| Destroyer Form | 1 | |
| Creature Attack | 1 | |
8 total
» buildings
| Crypt | 1 | |
| Altar of Darkness | 1 | |
| Ziggurat | 5 | |
| Tomb of Relics | 1 | |
| Graveyard | 1 | |
| Nerubian Tower | 1 | |
| Halls of the Dead | 1 | |
| Slaughterhouse | 1 | |
| Black Citadel | 1 | |
13 total
» build order
00:07 Crypt
00:10 Altar of Darkness
00:25 Ziggurat
01:16 Tomb of Relics
01:40 Graveyard
01:59 Nerubian Tower
02:49 Halls of the Dead
03:00 Ziggurat
05:16 Slaughterhouse
05:18 Ziggurat
06:40 Black Citadel
10:20 Ziggurat
14:20 Ziggurat
» items
| Rod of Necromancy | 3 | |
| Dust of Appearance | 1 | |
| Potion of Lesser Invulnerability | 1 | |
| Orb of Corruption | 1 | |
| Scroll of Healing | 3 | |
9 total
Chat log
(06:45 / All) AthenaMythCloth: faq